Map: Divergence LE

Players

RushNBust - Winner!

  • Race: Zerg Zerg
  • Spawn Location: 11:00

LeoSponza - Winner!

  • Race: Zerg Zerg
  • League: Platinum
  • Spawn Location: 11:00

Massa

  • Race: Terran Terran
  • League: Gold
  • Spawn Location: 5:00

qqq

  • Race: Protoss Protoss
  • League: Platinum
  • Spawn Location: 5:00

VOD

Have the link to the VOD?

Description

Time

  • Played on: June 6, 2020, 3:13 p.m.
  • Length: 11:08
Show
View Real Time Build Order
Export as new Build Order

RushNBust Zerg - Winner!

Build Orders: Pool First 

Get SALT Encoding   

  12  0:01  Drone  
  13  0:13  Overlord  
  13  0:17  Drone  
  14  0:31  Drone  
  14  0:32  Drone  
  16  0:40  Drone  
  17  0:48  Spawning Pool  
  16  1:02  Drone  
  17  1:06  Extractor  
  16  1:17  Hatchery  
  15  1:25  Drone  
  16  1:26  Drone  
  17  1:38  Queen  
  19  2:09  Zergling x4  
  21  2:32  Queen  
  21  2:34  Drone  
  24  2:57  Spine Crawler  
  23  2:59  Spore Crawler  
  23  3:02  Spine Crawler  
  21  3:06  Drone x3  
  22  3:36  Queen  
  22  3:37  Zergling x6  
  27  3:43  Zergling x2  
  24  4:30  Zergling x8  
  27  4:42  Spore Crawler  
  27  4:43  Lair  
  26  4:51  Queen  
  27  5:00  Spore Crawler  
  20  5:33  Overlord x3  
  20  5:46  Overlord  
  20  5:51  Queen  
  22  6:02  Spore Crawler  
  22  6:03  Drone x3  
  23  6:26  Drone x4  
  23  6:27  Drone  
  23  6:32  Spore Crawler  
  27  6:55  Zergling x6  
  27  6:56  Zergling x12  
  28  8:13  Extractor  
Show
View Real Time Build Order
Export as new Build Order

LeoSponza Zerg - Winner!

Build Orders: Hatch First 

Get SALT Encoding   

  12  0:13  Drone x2  
  14  0:41  Hatchery  
  13  0:53  Spawning Pool  
  13  0:54  Drone  
  13  0:58  Drone  
  14  1:07  Overlord  
  14  1:14  Extractor  
  13  1:25  Drone  
  14  1:26  Drone  
  14  1:30  Drone  
  16  1:40  Drone  
  16  1:45  Queen  
  19  1:50  Zergling x2  
  20  1:55  Overlord  
  20  2:07  Zergling x4  
  22  2:14  Zergling x4  
  24  2:25  Zergling x4  
  26  2:33  Zergling x2  
  26  2:35  Queen  
  29  2:43  Metabolic Boost  
  29  2:52  Overlord  
  29  2:53  Drone  
  30  3:02  Drone x2  
  30  3:03  Drone  
  33  3:13  Lair  
  33  3:19  Drone  
  29  3:49  Drone x4  
  29  3:50  Drone x7  
  40  3:57  Drone  
  41  4:07  Extractor  
  40  4:18  Queen, Evolution Chamber  
  41  4:25  Queen, Hydralisk Den  
  41  4:27  Drone  
  41  4:28  Overlord x2  
  43  4:32  Overseer  
  41  4:56  Zergling x4  
  41  4:57  Zergling x16  
  48  5:15  Overlord x2  
  48  5:16  Overlord  
  46  5:36  Overseer  
  46  5:37  Drone  
  46  5:38  Drone x8  
  55  5:44  Extractor  
  55  5:46  Extractor  
  55  5:48  Zerg Missile Weapons Level 1  
  55  5:49  Hydralisk  
  55  5:54  Hydralisk  
  57  5:58  Zergling x4  
  56  6:23  Drone x5  
  56  6:24  Drone  
  62  6:29  Queen  
  62  6:30  Hydralisk  
  64  6:45  Hydralisk x2  
  67  6:48  Zergling x2, Overlord  
  67  6:49  Overlord x2  
  66  7:21  Hydralisk x6  
  66  7:22  Hydralisk  
  76  7:28  Drone x2  
  79  7:38  Hydralisk x2  
  79  7:40  Overlord x2  
  79  7:41  Overlord x3  
  83  7:46  Zerg Missile Weapons Level 2  
  83  7:52  Evolution Chamber  
  82  8:03  Hydralisk x7  
  96  8:09  Hatchery  
  95  8:18  Hydralisk x2  
  99  8:23  Hydralisk x5  
  109  8:27  Zergling x2  
  109  8:29  Zergling x4  
  112  8:47  Zerg Ground Armor Level 1  
  112  8:48  Hydralisk x3  
  112  8:49  Hydralisk  
  120  8:59  Hydralisk x2  
  120  9:01  Overlord x4  
  124  9:14  Muscular Augments  
  124  9:16  Overlord  
  124  9:17  Overlord x3  
  122  9:49  Pneumatized Carapace  
  117  10:07  Spire  
  117  10:09  Hydralisk x5  
  117  10:10  Hydralisk x8  
  117  10:11  Hydralisk x3  
  148  10:25  Overlord x2  
  148  10:26  Zergling x4  
  148  10:27  Zergling x6  
Show
View Real Time Build Order
Export as new Build Order

Massa Terran 

Build Orders:  

Get SALT Encoding   

  12  0:12  Supply Depot  
  12  0:13  SCV  
  13  0:25  SCV  
  14  0:37  SCV  
  15  0:49  SCV  
  16  0:57  Barracks  
  16  1:01  SCV  
  17  1:13  SCV  
  17  1:18  Barracks  
  18  1:25  Refinery, SCV  
  19  1:37  SCV  
  20  1:45  Marine  
  21  1:50  SCV  
  22  2:03  Marine  
  23  2:08  Barracks  
  23  2:13  Barracks  
  23  2:21  Supply Depot  
  23  2:24  Supply Depot  
  23  2:42  Marine x2  
  23  2:43  Supply Depot  
  25  2:46  Supply Depot  
  25  3:00  Factory, Marine x2, Supply Depot  
  25  3:02  Marine x2  
  29  3:18  Marine x2  
  29  3:36  Marine  
  30  3:49  Barracks  
  30  3:54  Marine  
  26  4:11  Marine  
  26  4:14  Factory Tech Lab  
  26  4:15  Marine x3  
  30  4:27  Supply Depot  
  30  4:29  Marine  
  29  4:33  Marine x3  
  29  4:38  Marine  
  30  4:47  Marine  
  30  4:50  Marine  
  30  4:51  Marine  
  20  5:05  Marine  
  20  5:13  Marine x2  
  20  5:14  Marine  
  11  5:30  SCV  
  3  7:35  SCV  
  4  7:48  SCV  
  5  8:00  SCV  
  6  8:12  SCV  
  7  8:24  SCV  
  8  8:36  SCV  
  9  8:44  Marine x4  
  14  8:48  SCV  
  14  9:00  SCV  
  15  9:09  Factory Tech Lab  
  15  9:12  SCV  
  16  9:24  SCV  
  16  9:31  Siege Tank  
  20  9:36  SCV  
  21  9:49  SCV  
  22  10:01  SCV  
  22  10:03  Siege Tank  
  26  10:08  Marine x3  
  29  10:15  Marine  
  29  10:18  SCV  
  31  10:26  Refinery, Marine x3  
  23  10:48  Marine x2  
  23  10:49  Marine  
Show
View Real Time Build Order
Export as new Build Order

qqq Protoss 

Build Orders: Phoenix Opening 

Get SALT Encoding   

  12  0:02  Probe  
  13  0:27  Probe  
  14  0:28  Pylon  
  14  0:39  Probe  
  15  0:50  Gateway  
  15  0:59  Assimilator  
  15  1:12  Probe  
  16  1:24  Probe  
  17  1:30  Pylon  
  17  1:37  Probe  
  18  1:43  Cybernetics Core  
  18  1:45  Pylon  
  18  1:49  Probe  
  19  2:01  Probe  
  20  2:02  Pylon  
  20  2:10  Pylon  
  20  2:34  Stargate  
  20  2:38  Probe  
  20  2:41  Assimilator  
  21  2:48  Nexus  
  21  2:50  Probe  
  22  2:54  Stalker  
  24  3:02  Probe  
  25  3:14  Probe  
  25  3:18  Phoenix  
  28  3:26  Probe  
  29  3:34  Pylon  
  29  3:35  Pylon  
  29  3:39  Forge  
  29  4:14  Photon Cannon  
  29  4:17  Void Ray (Chrono Boost)  
  31  4:25  Stalker  
  33  4:33  Photon Cannon  
  33  4:41  Probe  
  34  4:53  Probe, Photon Cannon  
  35  5:05  Probe  
  36  5:17  Probe  
  36  5:20  Void Ray (Chrono Boost)  
  35  5:29  Probe  
  36  5:37  Pylon  
  36  5:41  Probe  
  37  5:47  Stargate  
  37  5:52  Assimilator  
  37  5:54  Probe  
  38  6:00  Void Ray (Chrono Boost)  
  42  6:06  Probe  
  43  6:18  Probe  
  33  6:30  Probe  
  33  6:32  Probe  
  23  6:36  Void Ray  
  27  6:41  Assimilator  
  27  6:42  Probe  
  27  6:44  Probe  
  29  6:54  Probe  
  29  6:56  Probe  
  27  7:06  Probe  
  27  7:08  Probe  
  29  7:18  Probe, Void Ray  
  29  7:20  Probe  
  35  7:32  Probe  
  36  7:43  Probe (Chrono Boost)  
  37  7:48  Probe (Chrono Boost)  
  38  7:52  Void Ray  
  38  7:55  Probe (Chrono Boost)  
  44  8:00  Probe x2 (Chrono Boost)  
  44  8:03  Photon Cannon  
  45  8:08  Probe, Pylon  
  46  8:26  Probe, Void Ray  
  51  8:27  Pylon  
  51  8:29  Pylon  
  51  8:39  Probe  
  51  8:40  Shield Battery  
  52  8:41  Shield Battery  
  52  8:44  Probe  
  53  8:51  Probe  
  54  9:03  Probe  
  55  9:15  Probe  
  56  9:17  Fleet Beacon  
  56  9:27  Probe  
  56  9:30  Phoenix x2  
  61  9:39  Probe  
  48  9:55  Phoenix  
  48  9:59  Probe  
  36  10:11  Probe  
  43  10:23  Probe  
  44  10:36  Probe  
  45  10:48  Probe  
Tags
 
Add a new tag
Caveats
  • Supply blocks, unpowered buildings, or Contaminate may cause inaccurate times.
  • Supply counts are checked every 10 seconds.